Map: Nightshade LE

Players

Massa

  • Race: Terran Terran
  • League: Gold
  • Spawn Location: 11:00

adesp - Winner!

  • Race: Zerg Zerg
  • League: Gold
  • Spawn Location: 5:00

VOD

Have the link to the VOD?

Description

Time

  • Played on: May 2, 2020, 8:55 a.m.
  • Length: 26:05
Show
View Real Time Build Order
Export as new Build Order

Massa Terran 

Build Orders:  

Get SALT Encoding   

  12  0:10  Supply Depot  
  12  0:13  SCV  
  13  0:25  SCV  
  14  0:34  Barracks  
  14  0:37  SCV  
  15  0:50  SCV  
  15  0:51  Supply Depot  
  16  1:02  SCV  
  17  1:14  SCV  
  17  1:17  Refinery  
  18  1:26  Engineering Bay  
  18  1:27  Orbital Command  
  18  1:32  Refinery, Marine  
  19  1:50  Marine  
  20  1:55  Barracks  
  20  2:08  Reaper  
  21  2:17  SCV  
  22  2:29  SCV  
  23  2:32  Factory  
  23  2:40  Marine, Missile Turret  
  23  2:41  SCV  
  25  2:47  Barracks Tech Lab  
  25  2:59  Marine  
  25  3:02  Missile Turret  
  26  3:07  Marauder  
  28  3:19  Starport  
  28  3:23  SCV  
  29  3:35  SCV  
  29  3:50  Factory Tech Lab  
  29  3:52  Terran Infantry Weapons Level 1  
  29  4:04  Command Center  
  29  4:11  Barracks Reactor  
  29  4:20  Medivac  
  31  4:31  Starport  
  31  4:40  Supply Depot  
  31  4:43  Supply Depot  
  31  4:50  Supply Depot  
  31  5:02  SCV  
  32  5:14  SCV  
  33  5:17  Marine x2  
  35  5:21  Combat Shield  
  35  5:30  Liberator  
  35  5:32  Starport Tech Lab  
  35  5:34  Siege Tank  
  35  5:35  Marine x2  
  43  5:46  Terran Infantry Armor Level 1  
  43  5:53  Marine x2  
  45  6:11  Marine x2  
  47  6:31  Viking  
  51  6:33  Starport Reactor  
  49  6:40  Command Center, Siege Tank  
  52  6:52  SCV  
  53  6:54  SCV  
  53  7:01  Viking  
  56  7:04  SCV  
  56  7:06  SCV  
  58  7:12  Marauder, Marine x2  
  62  7:16  SCV  
  62  7:18  SCV  
  64  7:28  SCV  
  65  7:30  SCV, Marine x2  
  65  7:33  Marauder  
  70  7:51  SCV x2, Marine  
  70  7:54  Marauder  
  75  8:03  SCV x2  
  75  8:04  Supply Depot  
  77  8:26  Supply Depot  
  77  8:44  Orbital Command  
  77  8:49  Supply Depot  
  77  8:55  Refinery  
  77  8:57  Refinery  
  77  9:01  SCV  
  78  9:04  SCV  
  79  9:12  Supply Depot  
  79  9:13  SCV  
  79  9:16  SCV, Viking x2  
  85  9:25  SCV  
  85  9:28  SCV, Marine  
  85  9:29  Marauder, Marine  
  91  9:35  Supply Depot  
  91  9:38  SCV, Barracks  
  90  9:40  Siege Tank  
  93  9:46  Orbital Command, Marine x2, Viking x2  
  93  9:50  Marauder  
  101  9:59  Supply Depot  
  101  10:00  Command Center  
  101  10:04  Marine x2  
  103  10:11  Marine  
  104  10:16  Viking  
  104  10:19  Banshee  
  109  10:22  Marine x2  
  109  10:23  Supply Depot  
  109  10:26  Barracks  
  109  10:27  Barracks Reactor  
  111  10:29  Marine  
  111  10:45  Supply Depot  
  111  10:47  Marauder  
  113  11:02  Banshee  
  113  11:04  Marine x4  
  116  11:08  Marauder  
  122  11:16  Engineering Bay  
  122  11:19  Armory  
  122  11:22  Marine x4  
  125  11:30  Marauder  
  124  11:36  Barracks Reactor  
  124  11:39  Marine  
  124  11:40  Marine x3  
  124  11:45  Refinery, Banshee  
  131  11:51  Marine  
  132  11:57  Marine x2  
  132  11:58  Marine x2  
  136  12:05  Viking x2  
  136  12:08  Armory, Marine  
  140  12:15  Marine x2  
  141  12:16  Marine x2  
  141  12:20  Sensor Tower  
  145  12:27  Marauder, Sensor Tower  
  145  12:28  Terran Infantry Armor Level 2, Terran Infantry Weapons Level 2  
  147  12:31  Terran Vehicle Weapons Level 1  
  147  12:35  Viking  
  149  12:40  Supply Depot  
  149  13:02  Banshee, Marine x3, SCV x2  
  149  13:03  Supply Depot  
  157  13:24  SCV x2, Marauder, Factory, Marine x4  
  157  13:26  Supply Depot  
  165  13:29  Missile Turret  
  165  13:33  Supply Depot  
  165  13:47  Banshee, Marine  
  165  13:48  Marauder  
  171  13:49  Missile Turret, Supply Depot  
  171  13:54  Thor  
  177  13:56  Supply Depot  
  177  14:09  Marauder  
  178  14:10  Missile Turret  
  178  14:12  Supply Depot  
  178  14:18  Supply Depot  
  178  14:31  Stimpack  
  178  14:35  Supply Depot  
  178  14:36  Factory Tech Lab  
  178  14:37  Thor  
  184  14:40  Supply Depot  
  184  14:42  Terran Vehicle Weapons Level 2  
  184  14:43  Terran Vehicle And Ship Armor Level 1  
  184  14:47  Terran Infantry Weapons Level 3  
  184  14:48  Terran Infantry Armor Level 3  
  184  14:53  Fusion Core  
  184  14:58  Supply Depot  
  184  15:03  Supply Depot  
  184  15:10  Refinery  
  184  15:22  Command Center  
  184  15:26  Supply Depot  
  184  15:42  Thor  
  190  15:44  Thor  
  196  15:58  Supply Depot  
  196  16:01  Weapon Refit  
  196  16:06  Smart Servos  
  196  16:22  Supply Depot  
  196  16:40  Cloaking Field  
  196  16:44  Supply Depot  
  194  17:07  Supply Depot  
  118  17:24  Neosteel Armor  
  118  17:25  Hi-Sec Auto Tracking  
  118  17:30  Marauder, Marine x2  
  118  17:31  Marine x4  
  120  17:48  Marine x4  
  120  17:49  Marine x2  
  106  17:52  Marauder  
  102  18:06  Thor x2  
  114  18:13  Marauder  
  116  18:34  Marauder  
  118  18:46  Refinery, Planetary Fortress  
  118  18:48  Refinery  
  118  18:49  Command Center, Thor x2  
  130  18:56  Marauder  
  118  19:16  Marine x6  
  124  19:17  Marauder  
  126  19:26  Barracks  
  126  19:34  Marine x6  
  132  19:39  Marauder  
  134  19:51  Marine x2  
  134  19:52  Marine x4  
  140  20:00  Marauder  
  139  20:09  Marine  
  130  20:19  Command Center  
  92  20:37  Battlecruiser  
  92  20:41  Barracks Reactor  
  98  20:46  Marauder, Marine x6  
  98  20:49  Thor  
  110  20:52  Factory  
  110  20:54  SCV  
  111  20:57  SCV  
  111  21:04  Marine x6  
  99  21:06  SCV  
  99  21:07  Marauder  
  99  21:11  Viking  
  99  21:15  Viking  
  101  21:18  SCV  
  102  21:29  Marauder, Bunker  
  102  21:30  SCV x3  
  107  21:41  Planetary Fortress, Viking  
  107  21:42  SCV  
  107  21:44  SCV  
  107  21:45  Viking  
  113  21:50  Marauder  
  113  21:51  Terran Vehicle And Ship Armor Level 2  
  115  21:56  SCV  
  115  21:58  Factory Tech Lab  
  116  22:05  Thor  
  122  22:08  SCV  
  122  22:12  Marauder  
  125  22:20  SCV  
  88  22:45  Viking x3  
  88  22:50  Thor  
  84  23:15  Viking x3  
  90  23:21  Marauder, Marine x4  
  90  23:22  Marine x2  
  98  23:33  SCV  
  95  23:34  SCV  
  95  23:39  Marine x4  
  100  23:45  SCV, Viking x3  
  100  23:47  SCV  
  73  23:57  SCV  
  73  23:59  SCV  
  55  24:11  SCV  
  55  24:15  Viking x3  
  67  24:18  Thor  
  67  24:21  Marauder, Marine x2  
  67  24:23  SCV  
  78  24:28  Barracks  
  78  24:29  Barracks  
  78  24:31  Barracks  
  75  24:38  Marine  
  75  24:39  Marine  
  75  24:42  Marauder  
  75  24:45  Viking x2  
  75  24:56  Marine x2  
  72  25:03  Marine  
  55  25:14  Marine x2  
  57  25:24  Marine  
  62  25:29  Viking x3  
  62  25:32  Marine x2  
  66  25:37  Barracks Reactor  
  66  25:41  Barracks Reactor  
  66  25:42  Marine  
  51  26:00  Barracks Reactor  
Show
View Real Time Build Order
Export as new Build Order

adesp Zerg - Winner!

Build Orders: Hatch First, Swarm Host 

Get SALT Encoding   

  12  0:01  Drone  
  13  0:15  Overlord  
  13  0:19  Drone  
  14  0:33  Drone x2  
  16  0:38  Drone  
  17  0:54  Hatchery  
  16  1:01  Drone  
  16  1:02  Drone  
  18  1:06  Extractor  
  17  1:19  Spawning Pool  
  17  1:22  Drone  
  17  1:24  Drone  
  18  1:35  Drone  
  19  1:42  Overlord  
  19  1:54  Drone  
  19  2:00  Extractor  
  19  2:07  Queen  
  21  2:10  Zergling x2  
  21  2:11  Zergling x2  
  21  2:14  Queen  
  25  2:17  Overlord  
  25  2:33  Drone x2  
  25  2:34  Drone  
  25  2:37  Metabolic Boost  
  28  2:58  Zergling x8  
  31  2:59  Zergling x2  
  33  3:13  Drone x3  
  33  3:19  Lair  
  36  3:22  Pneumatized Carapace  
  36  3:55  Drone x6  
  39  3:56  Drone x2  
  39  4:00  Overlord x2  
  44  4:18  Queen  
  46  4:38  Extractor  
  45  4:41  Extractor  
  45  4:42  Drone x2  
  46  4:53  Evolution Chamber  
  46  4:55  Evolution Chamber  
  46  4:56  Drone  
  45  5:01  Baneling Nest  
  44  5:16  Zergling x16  
  52  5:22  Zerg Melee Weapons Level 1  
  52  5:23  Zerg Ground Armor Level 1  
  52  5:40  Queen  
  54  6:28  Centrifical Hooks  
  54  6:41  Overlord x4  
  54  6:42  Overlord  
  54  6:57  Spire  
  54  7:01  Spire  
  52  7:04  Spore Crawler  
  52  7:06  Drone x2  
  52  7:07  Drone x2  
  55  7:59  Zerg Melee Weapons Level 2  
  55  8:00  Zerg Ground Armor Level 2  
  55  8:22  Drone x5  
  55  8:23  Drone x9  
  69  8:47  Overlord x4  
  69  8:49  Extractor  
  69  8:50  Hatchery, Extractor, Spore Crawler  
  65  9:28  Corruptor  
  65  9:29  Corruptor x4  
  75  10:04  Queen  
  77  10:16  Zerg Flyer Weapons Level 1  
  77  10:17  Zerg Flyer Armor Level 1  
  77  10:24  Infestation Pit  
  76  10:30  Baneling x4  
  76  10:31  Baneling  
  76  10:53  Hatchery  
  76  10:56  Extractor  
  60  11:49  Hive  
  60  12:06  Queen  
  62  12:10  Drone x8  
  62  12:11  Drone x14  
  84  12:34  Swarm Host  
  84  12:35  Swarm Host x8  
  111  12:38  Overlord  
  111  12:39  Overlord  
  111  12:42  Extractor  
  110  12:47  Nydus Network  
  109  13:29  Nydus Canal  
  109  14:38  Overlord  
  109  14:39  Overlord x6  
  109  14:55  Drone x5  
  109  14:56  Drone x5  
  109  14:57  Drone x6  
  109  14:58  Drone x5  
  109  14:59  Drone  
  131  15:37  Overlord  
  131  15:38  Overlord x6  
  131  15:47  Extractor  
  131  15:49  Hatchery  
  129  15:52  Spore Crawler  
  129  15:53  Extractor, Spore Crawler x2  
  129  15:54  Spore Crawler  
  129  15:55  Spore Crawler  
  123  16:19  Nydus Canal  
  123  16:29  Zergling x2  
  123  16:30  Zergling x54  
  123  16:31  Zergling x28  
  165  16:52  Baneling  
  165  16:53  Baneling x20  
  165  16:54  Baneling x8  
  93  17:28  Zergling x20  
  93  17:29  Zergling x38  
  102  17:54  Queen  
  102  17:55  Queen x3  
  109  18:11  Zerg Melee Weapons Level 3, Zerg Ground Armor Level 3  
  109  18:12  Adrenal Glands  
  109  18:14  Pathogen Glands  
  109  18:15  Zerg Flyer Weapons Level 2  
  109  18:20  Greater Spire  
  109  18:22  Corruptor x3  
  109  18:23  Corruptor x16  
  147  18:30  Queen x3  
  147  18:31  Queen  
  130  19:10  Zergling x12  
  130  19:11  Zergling x26  
  149  19:57  Baneling  
  149  19:58  Baneling x5  
  149  19:59  Baneling x6  
  149  20:00  Baneling x12  
  149  20:01  Baneling x13  
  149  20:02  Zergling x2  
  149  20:03  Zergling x28  
  126  20:35  Brood Lord x2  
  127  20:36  Brood Lord x5  
  116  21:09  Corruptor  
  116  21:10  Corruptor x6  
  116  21:11  Corruptor x4  
  138  21:43  Hatchery  
  137  21:50  Extractor  
  137  21:51  Hatchery  
  135  21:54  Extractor  
  135  21:58  Extractor  
  135  22:00  Extractor  
  132  22:07  Zerg Flyer Weapons Level 3  
  132  22:08  Zerg Flyer Armor Level 2  
  132  22:10  Spawning Pool  
  115  22:47  Brood Lord x3  
  115  22:48  Brood Lord  
  107  23:56  Brood Lord  
  107  23:57  Brood Lord  
  107  24:02  Corruptor x2  
  111  24:03  Corruptor x18  
  143  25:27  Brood Lord x3  
  149  25:37  Zergling x2  
  149  25:38  Zergling x42  
Tags
 
Composition
Swarm Host
League
GoldGold
Matchup
TvZ
Replay Pack
Multiplayer
Spawn Locations
Cross Positions
Add a new tag
Caveats
  • Supply blocks, unpowered buildings, or Contaminate may cause inaccurate times.
  • Supply counts are checked every 10 seconds.